Map: Pylon LE

Players

Starcrest

  • Race: Terran Terran
  • League: Diamond
  • Spawn Location: 5:00

LigerMaNN - Winner!

  • Race: Zerg Zerg
  • League: Diamond
  • Spawn Location: 11:00

VOD

Have the link to the VOD?

Description

Time

  • Played on: June 3, 2025, 11:19 p.m.
  • Length: 4:08
Show
View Real Time Build Order
Export as new Build Order

Starcrest Terran 

Build Orders:  

Get SALT Encoding   

  12  0:02  SCV  
  13  0:14  SCV  
  13  0:17  Supply Depot  
  14  0:26  SCV  
  15  0:39  SCV  
  15  0:42  Barracks  
  16  0:49  Refinery  
  16  0:51  SCV  
  17  1:04  SCV  
  18  1:16  SCV  
  19  1:31  SCV  
  20  1:33  Command Center  
  20  1:45  Orbital Command  
  20  2:07  Command Center  
  20  2:11  Barracks Reactor  
  20  2:13  SCV  
  21  2:20  Supply Depot  
  21  2:27  SCV  
  22  2:36  Barracks  
  21  2:48  Marine  
  21  2:49  Marine  
  21  2:50  Barracks  
  23  2:54  Orbital Command  
  23  2:57  SCV  
  24  3:07  Marine x2  
  25  3:13  SCV  
  26  3:20  Orbital Command  
  26  3:25  Barracks Tech Lab  
  26  3:27  Marine x2  
  26  3:28  Refinery  
  28  3:46  Engineering Bay  
  26  3:48  Engineering Bay  
  26  3:49  Marine x2  
  26  3:50  Marine  
Show
View Real Time Build Order
Export as new Build Order

LigerMaNN Zerg - Winner!

Build Orders: Hatch First 

Get SALT Encoding   

  12  0:01  Drone  
  13  0:13  Overlord  
  13  0:16  Drone  
  14  0:38  Drone x3  
  17  0:52  Hatchery  
  17  0:54  Drone  
  17  1:00  Drone  
  18  1:09  Extractor  
  17  1:14  Spawning Pool  
  17  1:17  Drone  
  17  1:21  Drone  
  18  1:32  Drone  
  19  1:44  Overlord  
  19  2:05  Zergling x6, Queen  
  19  2:06  Queen  
  26  2:16  Drone x2  
  26  2:17  Metabolic Boost  
  28  2:32  Drone  
  28  2:34  Overlord  
  29  2:49  Baneling Nest, Zergling x4  
  29  2:50  Zergling x4  
  32  3:12  Zergling x8  
  36  3:15  Overlord  
  36  3:16  Overlord  
  36  3:17  Zergling x4  
  36  3:18  Zergling x2  
  39  3:21  Zergling x2  
  40  3:34  Baneling x2  
  40  3:35  Baneling x4  
Tags
 
Matchup
TvZ
Replay Pack
June 2025
Spawn Locations
Cross Positions
Add a new tag
Caveats
  • Supply blocks, unpowered buildings, or Contaminate may cause inaccurate times.
  • Supply counts are checked every 10 seconds.